AoeStats
← edizunal9000

Arabia

510620200Analyzed
1v1 RM · 2d ago on Oct 1, 2026· 88m 3s· 2 players
Game mode
Random Map
Map size
Tiny (2 player)
Population
200
Speed
Normal
Resources
Standard
Victory
Conquest
Starting age
Dark Age
Ending age
Imperial Age
RankedLock teamsTeams togetherTeam positionsShared explorationLock speedFull tech treeHidden civsTurbo modeCheats
Victory
Defeat
🇪🇸 Bulgarians · Spain
828
+17
🇧🇪 Goths · Belgium
842
-17
guerras90
5:31 Loom
13:21 Feudal Age
18:47 Castle Age
17:20 Double-Bit Axe
17:47 Scale Mail Armor
18:31 Forging
21:53 Chain Mail Armor
21:43 Horse Collar
22:59 Gambesons
23:15 Squires
23:31 Squires
27:09 Bow Saw
27:28 Gold Mining
28:21 Arson
30:14 Iron Casting
29:52 Stone Mining
33:16 Fletching
33:27 Padded Archer Armor
33:41 Elite Skirmisher
34:26 Thumb Ring
36:30 Leather Archer Armor
36:10 Bodkin Arrow
36:38 Ballistics
36:14 Murder Holes
39:41 Imperial Age
39:54 Pikeman
43:10 Wheelbarrow
43:07 Bracer
43:49 Heavy Plow
45:10 Chemistry
45:53 Plate Mail Armor
46:24 Blast Furnace
44:50 Halberdier
46:10 Onager
47:17 Hand Cart
49:43 Gold Shaft Mining
49:52 Stone Shaft Mining
49:42 Masonry
50:20 Town Watch
51:35 Town Patrol
51:54 Bagains
53:51 Conscription
61:15 Elite Konnik
62:10 Stirrups
62:35 Scale Barding Armor
63:35 Siege Engineers
64:00 Architecture
63:56 Chain Barding Armor
66:23 Plate Barding Armor
edizunal9000
4:45 Loom
9:31 Feudal Age
10:13 Double-Bit Axe
10:09 Horse Collar
17:42 Bloodlines
18:41 Padded Archer Armor
18:32 Fletching
19:33 Forging
24:19 Castle Age
23:13 Gold Mining
24:50 Crossbowman
27:40 Bow Saw
27:31 Heavy Plow
27:46 Heated Shot
28:04 Husbandry
28:08 Bodkin Arrow
30:13 Leather Archer Armor
33:51 Ballistics
36:05 Scale Barding Armor
39:08 Stone Mining
40:40 Stone Shaft Mining
40:19 Squires
39:42 Pikeman
40:28 Scale Mail Armor
43:32 Wheelbarrow
42:48 Town Watch
45:41 Man-at-Arms
47:03 Chain Barding Armor
48:07 Long Swordsman
49:21 Hand Cart
52:59 Imperial Age
52:17 Anarchy
52:51 Chain Mail Armor
53:13 Iron Casting
52:50 Town Patrol
55:38 Two-Man Saw
63:26 Chemistry
69:02 Halberdier
Connection lost

Rejoining the realm…

Still unreachable

The connection could not be restored.

Session expired

The server has moved on; the page needs a fresh start.